Map: Triton LE

Players

Vindicta

  • Race: Terran Terran
  • Spawn Location: 11:00

Scarlett - Winner!

  • Race: Zerg Zerg
  • Spawn Location: 5:00

VOD

Have the link to the VOD?

Description

Time

  • Played on: Sept. 7, 2019, 9:56 a.m.
  • Length: 7:15
Show
View Real Time Build Order
Export as new Build Order

Vindicta Terran 

Build Orders: Reaper Expand, Mech 

Get SALT Encoding   

  12  0:00  SCV  
  13  0:12  SCV  
  14  0:17  Supply Depot  
  14  0:25  SCV  
  15  0:38  SCV  
  15  0:39  Barracks  
  16  0:43  Refinery  
  16  0:50  SCV  
  17  1:02  SCV  
  18  1:15  SCV  
  19  1:26  Reaper  
  19  1:27  Orbital Command  
  20  1:42  Command Center  
  20  1:50  Supply Depot  
  20  1:54  SCV  
  21  1:58  Marine  
  22  2:06  SCV  
  23  2:10  Factory  
  23  2:18  SCV  
  23  2:19  Refinery  
  23  2:21  Barracks Reactor  
  24  2:30  SCV  
  25  2:42  SCV  
  26  2:45  Command Center  
  26  2:54  SCV  
  26  2:58  Marine  
  26  2:59  Hellion  
  29  3:08  SCV  
  30  3:14  Starport  
  30  3:18  Orbital Command  
  29  3:21  SCV  
  30  3:28  Refinery  
  30  3:32  Hellion x2  
  34  3:37  Barracks Tech Lab  
  34  3:39  SCV  
  35  3:44  SCV  
  36  3:53  Hellion x2  
  36  3:54  SCV  
  41  4:00  SCV, Fusion Core  
  42  4:04  Orbital Command  
  42  4:07  SCV  
  43  4:12  SCV  
  43  4:14  Hellion  
  45  4:20  SCV  
  45  4:23  Hellion  
  45  4:24  SCV  
  50  4:31  SCV  
  50  4:32  SCV  
  50  4:36  SCV, Supply Depot  
  52  4:39  Hellion  
  54  4:49  SCV  
  54  4:52  Battlecruiser  
  61  4:57  Refinery  
  61  4:58  SCV x2  
  61  4:59  Refinery  
  63  5:00  Supply Depot  
  63  5:01  SCV  
  63  5:03  Hellion x2  
  68  5:10  SCV  
  69  5:18  Orbital Command  
  69  5:21  Weapon Refit  
  69  5:22  SCV x2  
  69  5:24  Supply Depot  
  69  5:26  Hellion x2  
  75  5:34  SCV x2  
  77  5:35  Barracks Tech Lab  
  77  5:36  Factory  
  77  5:45  Factory  
  77  5:46  SCV x2  
  78  5:54  SCV  
  78  5:56  Supply Depot  
  73  5:58  SCV x2  
  73  6:06  SCV  
  73  6:10  SCV x2  
  76  6:16  Hellion x2  
  76  6:18  SCV  
  79  6:19  Supply Depot  
  79  6:22  Banshee  
  79  6:23  SCV  
  79  6:24  SCV  
  84  6:28  Bunker, Siege Tank  
  84  6:30  SCV, Hellion  
  84  6:31  Bunker  
  84  6:32  Bunker  
  90  6:35  SCV  
  90  6:36  SCV  
  90  6:39  Hellion  
  92  6:42  SCV  
  92  6:45  Hellion  
  88  6:48  SCV  
  88  6:51  SCV  
Show
View Real Time Build Order
Export as new Build Order

Scarlett Zerg - Winner!

Build Orders: Hatch First 

Get SALT Encoding   

  12  0:00  Drone  
  13  0:12  Overlord  
  13  0:18  Drone  
  14  0:30  Drone  
  14  0:31  Drone  
  16  0:47  Hatchery  
  15  0:50  Drone  
  15  0:54  Drone  
  17  0:57  Drone  
  18  1:07  Extractor  
  17  1:12  Spawning Pool  
  17  1:15  Drone  
  17  1:19  Drone  
  18  1:28  Drone  
  19  1:38  Drone  
  20  1:49  Drone  
  21  1:59  Queen x2  
  21  2:00  Zergling x4  
  27  2:10  Overlord, Metabolic Boost  
  27  2:11  Drone  
  28  2:23  Extractor  
  28  2:26  Drone  
  29  2:33  Hatchery  
  29  2:34  Drone  
  29  2:37  Drone  
  30  2:38  Drone  
  31  2:45  Overlord  
  31  2:46  Drone  
  32  2:52  Queen  
  32  2:56  Drone  
  35  3:09  Drone  
  35  3:10  Drone x5  
  41  3:18  Overlord  
  40  3:22  Drone  
  40  3:25  Drone  
  42  3:33  Overlord  
  44  3:36  Queen  
  43  3:41  Lair  
  43  3:43  Drone x4  
  43  3:45  Evolution Chamber  
  43  3:47  Drone x3  
  49  3:49  Extractor x2  
  49  3:53  Drone x3  
  50  3:59  Roach Warren  
  49  4:04  Zergling x6  
  52  4:11  Zergling x4  
  54  4:19  Drone  
  54  4:21  Zergling x4  
  54  4:22  Drone x5  
  54  4:23  Extractor  
  61  4:33  Overlord  
  61  4:34  Overlord, Drone  
  61  4:37  Queen  
  64  4:42  Glial Reconstitution  
  64  4:44  Zerg Missile Weapons Level 1, Drone x2  
  66  4:46  Overlord  
  66  4:49  Overlord  
  66  4:56  Drone x2  
  66  4:57  Drone x3  
  71  5:05  Drone x4  
  75  5:08  Roach  
  75  5:09  Overseer  
  75  5:11  Roach x2  
  75  5:12  Overseer  
  81  5:17  Roach x3  
  87  5:28  Roach x5  
  97  5:29  Overlord  
  97  5:42  Spore Crawler  
  96  5:44  Spore Crawler  
  96  5:46  Spore Crawler  
  90  5:57  Roach  
  90  5:58  Roach x6  
  90  6:01  Overlord x5  
  100  6:19  Nydus Network  
  100  6:20  Roach x8  
  114  6:27  Ravager x4  
  114  6:28  Drone x3  
  121  6:40  Ravager  
  121  6:46  Ravager  
  122  6:49  Ravager, Drone  
  122  6:50  Drone x11  
Tags
 
Add a new tag
Caveats
  • Supply blocks, unpowered buildings, or Contaminate may cause inaccurate times.
  • Supply counts are checked every 10 seconds.